 Dungeon Crawl Stone Soup version 0.27.1-34-g3ba077fa99 (webtiles) character file.

Game seed: 2810410987993261951

3035 vvl the Caller (level 9, -2/69 (74) HPs)
             Began as a Black Draconian Transmuter on Jan 25, 2022.
             Was a Believer of Kikubaaqudgha.
             Slain by a wight (8 damage)
             ... on level 8 of the Dungeon.
             The game lasted 00:22:36 (9734 turns).

vvl the Caller (Black Draconian Transmuter)         Turns: 9734, Time: 00:22:37

HP:   -2/69 (74)    AC:  7    Str: 15    XL:     9   Next: 56%
MP:   15/16         EV: 13    Int: 14    God:    Kikubaaqudgha [**....]
Gold: 575           SH:  5    Dex: 12    Spells: 16/17 levels left

rFire    . . .     SeeInvis .   A - +2 spear (venom)
rCold    . . .     Faith    .   (no shield)
rNeg     . . .     Spirit   .   (armour unavailable)
rPois    .         Reflect  +   (helmet currently unavailable)
rElec    +         Harm     .   (no cloak)
rCorr    .         Rampage  .   (no gloves)
Will     .....                  (boots currently unavailable)
Stlth    +.........             x - amulet of reflection
HPRegen  0.21/turn              (no ring)
MPRegen  0.15/turn              (no ring)

@: appendages, drained
A: horns 2, talons 2, breathe lightning, AC +7, unfitting armour, electricity
resistance, cold-blooded
a: Breathe Lightning, End Transformation, Renounce Religion, Receive Corpses


You were on level 8 of the Dungeon.
You worshipped Kikubaaqudgha.
Kikubaaqudgha was pleased with you.
You had temporarily grown beastly horns and talons.
You visited 2 branches of the dungeon, and saw 9 of its levels.
You visited the Abyss 1 time.

You collected 575 gold pieces.

Inventory:

Hand Weapons
 p - a +1 short sword of venom
 A - a +2 spear of venom (weapon)
 C - a +2 war axe of venom
Missiles
 n - 36 bolts
 D - 3 throwing nets
Armour
 u - a +0 hat (melded)
 B - a +0 kite shield
Magical Staves
 d - a staff of death
Jewellery
 j - an amulet of regeneration
 x - an amulet of reflection (around neck)
Wands
 i - a wand of digging (3)
 o - a wand of charming (7)
 q - a wand of mindburst (14)
 z - a wand of iceblast (10)
 G - a wand of flame (33)
Scrolls
 a - a scroll of torment {unknown}
 b - 2 scrolls of noise {unknown}
 c - 3 scrolls of magic mapping {unknown}
 f - a scroll of immolation {unknown}
 g - 2 scrolls of fog {unknown}
 k - 5 scrolls of amnesia {unknown}
 m - 2 scrolls of teleportation {unknown}
 r - 2 scrolls of identify {unknown}
 s - a scroll of acquirement {unknown}
 v - a scroll of fear {unknown}
 w - 2 scrolls of enchant weapon {unknown}
 y - a scroll of vulnerability {unknown}
Potions
 e - 2 potions of heal wounds
 h - a potion of invisibility {unknown}
 l - 2 potions of curing {unknown}
 t - 2 potions of haste {unknown}
 E - a potion of lignification {unknown}
 F - a potion of cancellation {unknown}


   Skills:
 + Level 5.1 Fighting
 + Level 4.6 Dodging
 + Level 1.9 Shields
 + Level 5.6 Unarmed Combat
 + Level 4.8 Spellcasting
 * Level 6.3 Summonings
 * Level 3.7 Necromancy
 + Level 5.2 Transmutations


You had 16 spell levels left.
You knew the following spells:

 Your Spells              Type           Power      Damage    Failure   Level
a - Beastly Appendage     Tmut           34%        N/A       2%          1

Your spell library contained the following spells:

 Spells                   Type           Power      Damage    Failure   Level
 Animate Skeleton         Necr           26%        N/A       3%          1
 Pain                     Necr           52%        1d6       3%          1
 Wereblood                Tmut           17%        N/A       3%          2
 Sublimation of Blood     Necr           6%         N/A       6%          2
 Passwall                 Tmut/Erth      8%         N/A       10%         2
 Corpse Rot               Necr/Air       N/A        N/A       12%         2
 Vampiric Draining        Necr           6%         2d6       12%         3
 Corona                   Hex            3%         N/A       19%         1
 Spider Form              Tmut/Pois      5%         N/A       19%         3
 Ensorcelled Hibernation  Hex/Ice        6%         N/A       26%         2
 Slow                     Hex            3%         N/A       26%         2
 Dispel Undead            Necr           13%        3d9       36%         4
 Confusing Touch          Hex            3%         N/A       47%         3
 Swiftness                Air            3%         N/A       47%         3
 Tukima's Dance           Hex            3%         N/A       47%         3
 Ice Form                 Ice/Tmut       10%        N/A       52%         4
 Iskenderun's Battlesphe  Conj           3%         2d6       99%         5
 Death Channel            Necr           6%         N/A       99%         6
 Invisibility             Hex            1%         N/A       100%        6
 Iron Shot                Conj/Erth      1%         9d1       100%        6
 Spellforged Servitor     Conj/Summ      6%         N/A       100%        7
 Summon Hydra             Summ           10%        N/A       100%        7


Dungeon Overview and Level Annotations

Branches:
Dungeon (8/15)             Temple (1/1) D:4
   Lair: D:8-11

Altars:
Ashenzari
Cheibriados
Dithmenos
Elyvilon
Fedhas
Gozag
Hepliaklqana
Kikubaaqudgha
Makhleb
Nemelex Xobeh
Okawaru
Qazlal
Ru
Trog
Uskayaw
Vehumet
Wu Jian
Xom
Yredelemnul
Zin
The Shining One


Innate Abilities, Weirdness & Mutations

You have temporarily grown beastly horns and talons.
You can breathe wild blasts of lightning.
Your glossy black scales are hard. (AC +7)
You cannot fit into any form of body armour.
You are resistant to electric shocks. (rElec)
You are cold-blooded and may be slowed by cold attacks.


Message History

The orb of electricity engulfs the wight!
You destroy the wight!
Kikubaaqudgha accepts your kill. The orb of electricity engulfs you!
You resist.
* * * LOW HITPOINT WARNING * * *
The orb of electricity engulfs the wight.
The wight is moderately damaged.
The orb of electricity engulfs the wight!!
You destroy the wight!
Kikubaaqudgha accepts your kill. The wight hits you with a +5 mace!
* * * LOW HITPOINT WARNING * * *
Unknown command.
Unknown command.
Your transformation is almost over.
Your horns disappear.
Your talons disappear.
Your +0 hat unmelds from your body.
You have got your breath back.
There is an open door here.
There is an open door here.
There is an open door here.
You block the wight's attack.
You breathe a wild blast of lightning!
The zap hits the wight.
The wight is heavily damaged.
You hear a mighty clap of thunder!
The wight barely misses you.
Unknown command.
Unknown command.
You have got your breath back.
There is a stone staircase leading down, spattered with blood here.
The wight hits you with a +5 mace!
* * * LOW HITPOINT WARNING * * *
You climb downwards.
There is a stone staircase leading up here.
Casting: Beastly Appendage (safe; 2% risk of failure)
Confirm with . or Enter, or press ? or * to list all spells.
You grow a pair of large bovine horns.
Your feet morph into talons.
Your +0 hat melds into your body.
The wight hits you with a +5 mace!
You die...
Kikubaaqudgha rasps: "You have failed me!
Welcome... death!"

##+##
##...##
##.....##
##.......##
#.........#
+.......z.+
#......@..#
##.......##
##.....##
##...##
##+##


You could see a wight.

Vanquished Creatures
  Sigmund (D:6)
  3 ice beasts
  A sky beast (D:6)
  A black bear (D:4)
  A centaur (D:6)
  4 ogres
  The ghost of Vadun the Grasshopper, an amateur GnWn (D:3)
  2 necrophages
  A phantom (D:6)
  2 scorpions
  A gnoll sergeant (D:6)
  3 wyvern zombies
  3 water moccasin skeletons (D:4)
  2 wights (D:7)
  A killer bee (D:5)
  A centaur zombie (D:5)
  5 jellies
  3 hounds (D:6)
  3 orc priests
  2 gnoll shamans
  2 iguanas
  3 orc wizards
  A killer bee zombie (D:7)
  4 howler monkey zombies
  Robin (D:3)
  16 gnolls
  8 adders
  2 white imps (D:6)
  An ufetubus (D:4)
  6 worms
  3 dart slugs
  15 orcs
  5 ball pythons
  2 bats
  9 endoplasms (D:3)
  6 giant cockroaches
  28 goblins
  7 hobgoblins
  11 jackals
  18 kobolds
  4 quokkas
  3 frilled lizards
  8 rats
204 creatures vanquished.

Vanquished Creatures (collateral kills)
  3 kobolds (D:3)
3 creatures vanquished.

Vanquished Creatures (others)
  A kobold brigand (D:3)
  13 fungi
  11 plants (D:8)
  6 toadstools (D:3)
31 creatures vanquished.

Grand Total: 238 creatures vanquished

Notes
Turn   | Place    | Note
-------+----------+-------------------------------------------
     0 | D:1      | vvl the Draconian Transmuter began the quest for the Orb.
     0 | D:1      | Reached XP level 1. HP: 16/16 MP: 3/3
   144 | D:1      | Reached XP level 2. HP: 16/23 MP: 3/5
   887 | D:1      | Reached XP level 3. HP: 29/29 MP: 4/6
  1654 | D:2      | Found a faded altar of an unknown god.
  1768 | D:2      | Reached XP level 4. HP: 35/36 MP: 5/7
  2136 | D:3      | Noticed Robin
  2179 | D:3      | Killed Robin
  2359 | D:3      | Reached skill level 1 in Summonings
  2489 | D:3      | Reached XP level 5. HP: 38/41 MP: 7/9
  2660 | D:2      | Reached skill level 2 in Summonings
  2890 | D:3      | Reached XP level 6. HP: 50/50 MP: 8/10
  3030 | D:3      | Found a runed translucent gate.
  3030 | D:3      | Found a runed translucent gate.
  3030 | D:3      | Found a runed translucent gate.
  3037 | D:3      | Noticed Vadun's ghost (amateur GnWn)
  3340 | D:3      | Cast into level 1 of the Abyss (kobold brigand)
  3410 | Abyss:1  | Noticed a sixfirhy
  3411 | D:3      | Escaped the Abyss
  3437 | D:3      | Killed Vadun's ghost
  3758 | D:4      | Reached skill level 3 in Summonings
  3778 | D:4      | Found a staircase to the Ecumenical Temple.
  3820 | Temple   | Entered the Ecumenical Temple
  3931 | Temple   | Became a worshipper of Kikubaaqudgha
  3950 | D:4      | Your scales start taking on a glossy black colour.
  3950 | D:4      | Reached XP level 7. HP: 57/57 MP: 9/11
  3950 | D:4      | Gained mutation: You are resistant to electric shocks.
                  | (rElec) [Black Draconian growth]
  4542 | D:4      | Reached skill level 4 in Summonings
  4638 | D:5      | Entered Level 5 of the Dungeon
  4744 | D:5      | Reached XP level 8. HP: 51/66 MP: 13/13
  5276 | D:6      | Reached * piety under Kikubaaqudgha
  5276 | D:6      | Received a gift from Kikubaaqudgha
  5798 | D:6      | Reached skill level 5 in Unarmed Combat
  5798 | D:6      | Reached skill level 5 in Summonings
  5809 | D:5      | Reached skill level 1 in Necromancy
  6790 | D:6      | Reached XP level 9. HP: 20/72 MP: 15/15
  7255 | D:6      | Reached skill level 1 in Shields
  7608 | D:6      | Noticed Sigmund
  7617 | D:6      | Killed Sigmund
  7618 | D:6      | Reached skill level 6 in Summonings
  7618 | D:6      | Reached skill level 5 in Transmutations
  8088 | D:7      | Reached skill level 5 in Fighting
  9433 | D:7      | Reached ** piety under Kikubaaqudgha
  9734 | D:8      | Slain by a wight

Illustrated notes

Levels and vault maps discovered:
D:1:      elethiomel_arrival_shortcut, layout_loops_corners, serial_rivers,
          chequers_serial_rivers_micro_b, chequers_serial_rivers_large_a,
          chequers_serial_rivers_small_3, chequers_serial_rivers_micro_d,
          chequers_serial_rivers_micro_e, chequers_serial_rivers_small_3
D:2:      layout_basic, serial_rivers, chequers_serial_rivers_micro_a,
          chequers_serial_rivers_room_b, chequers_serial_rivers_micro_e,
          chequers_serial_rivers_micro_a, basic_ecumenical_altar, minivault_26
D:3:      cheibrodos_fertilizer, layout_rooms, gammafunk_ghost_nasty_kobolds,
          uniq_robin
D:4:      layout_loops_ring, minmay_temple_entry_glassed_door, serial_glass,
          glass_columns_a, glass_columns_a, glass_columns_c, glass_columns_c,
          glass_columns_a, glass_columns_c, glass_columns_a, glass_columns_a,
          glass_columns_c, glass_columns_a, glass_columns_a, glass_columns_b,
          glass_columns_a, glass_columns_a, kennysheep_generic_room_5
D:5:      layout_basic
D:6:      minmay_opposing_rooms, layout_cave_pools, portal_sewer_entry_e,
          uniq_sigmund
D:7:      layout_gridville, enter_bailey_3, nrook_mini_backslash
D:8:      layout_loops_corners, grunt_lair_entry_orc_guard_hut, uniq_joseph
Temple:   grunt_wide_crystal_templ

Skill      XL: |  1  2  3  4  5  6  7  8  9 |
---------------+----------------------------+-----
Dodging        | 2 3 4 |  4.6
Fighting       | 2 3 4 5 |  5.1
Summonings     | 1 2 3 4 5 6 |  6.3
Transmutations | 3 4 5 |  5.2
Spellcasting   | 3 4 |  4.8
Unarmed Combat | 4 5 |  5.6
Necromancy     | 2 3 |  3.7
Shields        | 1 |  1.9

Action                   |  1- 3 |  4- 6 |  7- 9 || total
-------------------------+-------+-------+-------++-------
Melee: Unarmed           |   114 |   181 |       ||   295
       Kick              |    25 |    43 |    77 ||   145
       Headbutt          |    13 |    28 |    63 ||   104
       Tailslap          |    13 |    19 |    38 ||    70
       Punch             |     1 |     2 |     6 ||     9
       Short sword       |       |    31 |   169 ||   200
       Spear             |       |       |   173 ||   173
 Cast: Beastly Appendage |    27 |    30 |    50 ||   107
 Abil: Breathe Lightning |       |       |    12 ||    12
Evoke: Wand              |       |     1 |     1 ||     2
  Use: Potion            |       |       |     1 ||     1
 Stab: Sleeping          |       |     1 |       ||     1
Armor: Skin              |    29 |    71 |   116 ||   216
Dodge: Dodged            |    58 |   123 |   228 ||   409
Block: Other             |       |       |    70 ||    70
       Reflection        |       |       |     1 ||     1
